 Dungeon Crawl Stone Soup version 0.17-a0-1987-gaf5a542 (webtiles) character file.

43862 glosham the Nimble (level 13, -9/110 HPs)
             Began as a Demigod Wanderer on Oct 4, 2015.
             Mangled by an entropy weaver (16 damage)
             ... on level 1 of the Depths on Oct 6, 2015.
             The game lasted 06:38:38 (17917 turns).

glosham the Nimble (Demigod Wanderer)              Turns: 17917, Time: 06:38:38

Health: -9/110     AC: -2    Str: 20    XL:     13   Next: 55%
Magic:  25/25      EV: 20    Int: 20    God:
Gold:   121        SH:  0    Dex: 15    Spells: 6 memorised, 5 levels left

rFire  . . .     SeeInvis .     a - +5 hand axe (elec)
rCold  + + .     Clarity  .     X - +2 robe of Rugie {Slay+5}
rNeg   + + +     SustAt   +     (no shield)
rPois  +         Gourm    .     U - +0 helmet
rElec  .         Spirit   .     Y - +2 cloak
rCorr  .         Warding  .     (no gloves)
rMut   .         Stasis   .     W - +0 pair of boots
MR     +....                    z - amulet of regeneration
Stlth  ++........               P - ring of poison resistance
                                A - ring of Light {rC++ rN+++ Int+2}

@: corroded equipment, somewhat resistant to hostile enchantments, unstealthy
A: rough black scales 1, high mp 1, sustain attributes
a: no special abilities


You were on level 1 of the Depths.
You were not hungry.

You visited 4 branches of the dungeon, and saw 19 of its levels.
You also visited: Sewer and Ossuary.

You collected 1650 gold pieces.
You spent 1529 gold pieces at shops.

Inventory:

Hand Weapons
 a - a +5 hand axe of electrocution (weapon)
 b - the +10 trident of the Skies Above {holy, +Inv rPois}
   (You found it on level 15 of the Dungeon)

   It has been blessed by the Shining One to cause great damage to the undead
   and demons.
   It protects you from poison.
   It lets you turn invisible.
 c - a +0 blowgun
 d - a +3 broad axe of chaos
Missiles
 e - 73 poisoned needles
 f - 3 curare-tipped needles
Armour
 R - a troll hide
 T - a +2 robe of resistance
 U - a +0 helmet (worn)
 W - a +0 pair of boots (worn)
 X - the +2 robe of Rugie (worn) {Slay+5}
   (You found it on level 1 of the Lair of Beasts)

   It affects your accuracy and damage with ranged weapons and melee attacks
   (+5).
 Y - a +2 cloak (worn)
Magical Staves
 w - an uncursed staff of fire
Jewellery
 z - an amulet of regeneration (around neck)
 A - the ring of Light (left hand) {rC++ rN+++ Int+2}
   (You bought it in a shop on level 9 of the Dungeon)

   [ring of intelligence]

   It affects your intelligence (+2).
   It greatly protects you from cold.
   It renders you almost immune to negative energy.
 B - an uncursed ring of protection from magic
 F - an uncursed ring of flight
 M - the ring "Monyah" {Ice MR+++ Str+6 Int-4}
   (You bought it in a shop on level 9 of the Dungeon)

   [ring of ice]

   It enhances your ice magic, and weakens your fire magic.
   It affects your strength (+6).
   It affects your intelligence (-4).
   It makes you vulnerable to fire.
   It protects you from cold.
   It affects your resistance to hostile enchantments.
 P - a ring of poison resistance (right hand)
 S - an uncursed ring of see invisible
Wands
 g - a wand of teleportation (3)
 h - a wand of digging (13)
 i - a wand of disintegration (12)
 j - a wand of cold (5)
Scrolls
 k - 2 scrolls of teleportation
 l - 4 scrolls of blinking
 m - 9 scrolls of remove curse
 n - 3 scrolls of enchant armour
Potions
 o - 11 potions of curing
 p - 7 potions of heal wounds
 q - 2 potions of resistance
 r - 2 potions of haste
 s - a potion of agility
 t - 5 potions of might
 u - 5 potions of brilliance
 v - 2 potions of cancellation
 x - 5 potions of ambrosia
 C - a potion of invisibility {unknown}
Comestibles
 y - 12 bread rations
 G - 6 chunks of flesh


   Skills:
 + Level 8.9 Fighting
   Level 1.0 Short Blades
 * Level 12.6 Axes
 - Level 3.1 Staves
 - Level 2.0 Armour
 * Level 12.8 Dodging
 - Level 2.6 Stealth
   Level 1.7 Shields
 + Level 5.4 Spellcasting
 + Level 7.0 Translocations


You had 5 spell levels left.
You knew the following spells:

 Your Spells              Type           Power        Failure   Level  Hunger
a - Apportation           Tloc           ####......   1%          1    None
b - Blink                 Tloc           N/A          1%          2    None
g - Passage of Golubria   Tloc           N/A          10%         4    ####...
p - Phase Shift           Tloc           ####......   21%         5    #####..
s - Shroud of Golubria    Chrm/Tloc      ###.......   4%          2    None
P - Portal Projectile     Tloc           ####..       1%          3    ##.....


Dungeon Overview and Level Annotations

Branches:
Dungeon (15/15)            Temple (0/1) D:6            Lair (1/8) D:9
    Orc (2/4) D:10         Vaults (0/5) D:14         Depths (1/5) D:15

Shops:
D:4 %   D:9 =

Annotations:
D:4 kosy22's ghost, average DrFi
Lair:1 exclusions: hydra, oklob plant and spiny frog


Innate Abilities, Weirdness & Mutations

You have an increased reservoir of magic (+10% MP).
Your attributes are resistant to harm.
You are partially covered in rough black scales (AC +4, Dex -1).


Message History

The entropy weaver is heavily wounded.
You barely miss the entropy weaver.
The entropy weaver is heavily wounded.
You closely miss the entropy weaver.
The entropy weaver is heavily wounded.
The entropy weaver screams the final syllables of the word of entropy!
The word of entropy corrodes you!
You hit the entropy weaver but do no damage.
There is a sudden explosion of sparks!
The entropy weaver is severely wounded.
You barely miss the entropy weaver.
The entropy weaver is severely wounded.
The entropy weaver closely misses you. x3
The entropy weaver hits you!
You hit the entropy weaver but do no damage.
The entropy weaver is severely wounded.
You hit the entropy weaver.
The entropy weaver is almost dead.
The entropy weaver misses you. The entropy weaver barely misses you.
The entropy weaver hits you. The entropy weaver hits you!
You hit the entropy weaver.
The entropy weaver is almost dead.
The entropy weaver hits you! The entropy weaver hits you.
The entropy weaver misses you. The entropy weaver hits you!
You hit the entropy weaver but do no damage.
The entropy weaver is almost dead.
The entropy weaver hits you! x3
* * * LOW HITPOINT WARNING * * *
The entropy weaver hits you.
* * * LOW HITPOINT WARNING * * *
Evoke which item? (* to show all) (? for menu, Esc to quit)
Zapping:
j - a wand of cold (will waste charges)
Press: ? - help, Shift-Dir - straight line, f - entropy weaver
Aim: an entropy weaver (almost dead, catching its breath)
The bolt of cold hits the entropy weaver.
The entropy weaver is almost dead.
Evoking this partially-identified wand wasted a few charges.
The entropy weaver completely misses you.
The entropy weaver misses you. The entropy weaver hits you!
You die...

..#..
..(..
#p....
..?..
#...#
##.s..#
###.....#
#@#<..#
##p#..#
######


You could see an entropy weaver.

Vanquished Creatures
  A vault guard (D:14)
  Josephine (D:10)
  Harold (D:10)
  2 centaur warriors
  Erica (D:10)
  A tengu warrior (D:10)
  The ghost of vatarom the Nimble, a novice TrCK of Xom (D:9)
  A titan skeleton (D:15)
  4 skeletal warriors
  An unseen horror (D:14)
  A flayed ghost (D:15)
  A wizard (D:14)
  6 hill giants
  2 necromancers
  An ugly thing (D:10)
  A stone giant zombie (D:15)
  A manticore (D:14)
  3 cyclopes
  Maurice (D:10)
  A frost giant skeleton (D:15)
  2 gargoyles
  3 spiny frogs (Lair:1)
  A kobold demonologist (D:14)
  A spriggan zombie (D:15)
  An efreet (D:13)
  A guardian mummy (D:15)
  7 trolls
  2 tengu conjurers (D:10)
  2 komodo dragons
  A freezing wraith (D:15)
  Grinder (D:6)
  Prince Ribbit (D:8)
  A two-headed ogre (D:15)
  A trapdoor spider (D:12)
  A trapdoor spider (shapeshifter) (D:13)
  A trapdoor spider zombie (D:11)
  2 redbacks (Depths:1)
  24 humans
  A deep elf mage (D:9)
  19 yaks
  A water elemental (D:15)
  6 wraiths
  3 hungry ghosts
  3 wyverns
  4 vampire mosquitoes
  4 hippogriffs
  5 wolves (Lair:1)
  A steam dragon (D:12)
  3 water moccasins
  2 ice beasts
  8 ogres
  17 orc warriors
  A black bear (D:8)
  6 sky beasts
  3 phantoms
  4 centaurs
  2 necrophages
  A brain worm (D:11)
  2 crocodiles
  3 big kobolds
  11 giant frogs
  A wyvern skeleton (D:9)
  3 scorpions
  2 electric eels (D:10)
  11 killer bees
  12 wights
  6 centaur zombies
  5 jellies
  3 centaur skeletons
  4 giant frog skeletons
  5 hounds
  11 crimson imps
  15 orc priests
  25 orc wizards
  9 worker ants
  2 iguanas (D:6)
  A killer bee zombie (D:10)
  14 sheep
  A hound skeleton (D:4)
  4 mummies
  5 gnolls
  12 adders
  3 river rats (Sewer)
  4 shadow imps
  2 oozes
  2 adder skeletons
  10 giant geckos
  114 orcs
  4 ball pythons
  8 giant cockroaches
  4 gnoll zombies
  7 goblins
  10 hobgoblins
  18 jackals
  32 kobolds
  4 quokkas
  5 bats
  A giant gecko zombie (D:5)
  5 giant newts
  6 gnoll skeletons (Ossuary)
  3 goblin skeletons (Ossuary)
  3 goblin zombies (Ossuary)
  3 hobgoblin skeletons (Ossuary)
  A jackal skeleton (D:7)
  A kobold skeleton (Ossuary)
  3 kobold zombies (Ossuary)
  4 orc skeletons (Ossuary)
  4 orc zombies (Ossuary)
  28 rats
  A rat skeleton (Ossuary)
  8 fungi (D:9)
  2 plants (D:9)
646 creatures vanquished.

Vanquished Creatures (others)
  Menkaure (Ossuary)
  A goblin skeleton (Ossuary)
  5 goblin zombies (Ossuary)
  2 hobgoblin skeletons (Ossuary)
  2 hobgoblin zombies (Ossuary)
  2 kobold skeletons (Ossuary)
  2 kobold zombies (Ossuary)
  An orc skeleton (Ossuary)
  2 orc zombies (Ossuary)
  A quokka (D:8)
  A rat skeleton (Ossuary)
  2 rat zombies (Ossuary)
  2 plants
  16 toadstools (D:12)
40 creatures vanquished.

Grand Total: 686 creatures vanquished

Notes
Turn   | Place    | Note
--------------------------------------------------------------
     0 | D:1      | glosham the Demigod Wanderer began the quest for the Orb.
     0 | D:1      | glosham set off with: a +2 dagger, a potion of heal wounds, a +0 quarterstaff, a +0 buckler, a +0 robe, a bread ration, a !bad item (cl:100,ty:0,pl:0,pl2:0,sp:0,qu:0), a !bad item (cl:100,ty:0,pl:0,pl2:0,sp:0,qu:0), a !bad item (cl:100,ty:0,pl:0,pl2:0,sp:0,qu:0), a !bad item (cl:100,ty:0,pl:0,pl2:0,sp:0,qu:0), a !bad item (cl:100,ty:0,pl:0,pl2:0,sp:0,qu:0), a !bad item (cl:100,ty:0,pl:0,pl2:0,sp:0,qu:0), a !bad item (cl:100,ty:0,pl:0,pl2:0,sp:0,qu:0), a !bad item (cl:100,ty:0,pl:0,pl2:0,sp:0,qu:0), a !bad item (cl:100,ty:0,pl:0,pl2:0,sp:0,qu:0), a !bad item (cl:100,ty:0,pl:0,pl2:0,sp:0,qu:0), a !bad item (cl:100,ty:0,pl:0,pl2:0,sp:0,qu:0), a !bad item (cl:100,ty:0,pl:0,pl2:0,sp:0,qu:0), a !bad item (cl:100,ty:0,pl:0,pl2:0,sp:0,qu:0), a !bad item (cl:100,ty:0,pl:0,pl2:0,sp:0,qu:0), a !bad item (cl:100,ty:0,pl:0,pl2:0,sp:0,qu:0), a !bad item (cl:100,ty:0,pl:0,pl2:0,sp:0,qu:0), a !bad item (cl:100,ty:0,pl:0,pl2:0,sp:0,qu:0), a !bad item (cl:100,ty:0,pl:0,pl2:0,sp:0,qu:0), a !bad item (cl:100,ty:0,pl:0,pl2:0,sp:0,qu:0), a !bad item (cl:100,ty:0,pl:0,pl2:0,sp:0,qu:0), a !bad item (cl:100,ty:0,pl:0,pl2:0,sp:0,qu:0), a !bad item (cl:100,ty:0,pl:0,pl2:0,sp:0,qu:0), a !bad item (cl:100,ty:0,pl:0,pl2:0,sp:0,qu:0), a !bad item (cl:100,ty:0,pl:0,pl2:0,sp:0,qu:0), a !bad item (cl:100,ty:0,pl:0,pl2:0,sp:0,qu:0), a !bad item (cl:100,ty:0,pl:0,pl2:0,sp:0,qu:0), a !bad item (cl:100,ty:0,pl:0,pl2:0,sp:0,qu:0), a !bad item (cl:100,ty:0,pl:0,pl2:0,sp:0,qu:0), a !bad item (cl:100,ty:0,pl:0,pl2:0,sp:0,qu:0), a !bad item (cl:100,ty:0,pl:0,pl2:0,sp:0,qu:0), a !bad item (cl:100,ty:0,pl:0,pl2:0,sp:0,qu:0), a !bad item (cl:100,ty:0,pl:0,pl2:0,sp:0,qu:0), a !bad item (cl:100,ty:0,pl:0,pl2:0,sp:0,qu:0), a !bad item (cl:100,ty:0,pl:0,pl2:0,sp:0,qu:0), a !bad item (cl:100,ty:0,pl:0,pl2:0,sp:0,qu:0), a !bad item (cl:100,ty:0,pl:0,pl2:0,sp:0,qu:0), a !bad item (cl:100,ty:0,pl:0,pl2:0,sp:0,qu:0), a !bad item (cl:100,ty:0,pl:0,pl2:0,sp:0,qu:0), a !bad item (cl:100,ty:0,pl:0,pl2:0,sp:0,qu:0), a !bad item (cl:100,ty:0,pl:0,pl2:0,sp:0,qu:0), a !bad item (cl:100,ty:0,pl:0,pl2:0,sp:0,qu:0), a !bad item (cl:100,ty:0,pl:0,pl2:0,sp:0,qu:0), a !bad item (cl:100,ty:0,pl:0,pl2:0,sp:0,qu:0), a !bad item (cl:100,ty:0,pl:0,pl2:0,sp:0,qu:0), a !bad item (cl:100,ty:0,pl:0,pl2:0,sp:0,qu:0), a !bad item (cl:100,ty:0,pl:0,pl2:0,sp:0,qu:0)
     0 | D:1      | Reached XP level 1. HP: 17/17 MP: 3/3
   103 | D:1      | Reached skill level 2 in Fighting
   211 | D:1      | Reached XP level 2. HP: 15/25 MP: 4/4
   404 | D:1      | Reached skill level 3 in Fighting
  1019 | D:2      | Reached XP level 3. HP: 17/31 MP: 5/5
  1201 | D:2      | Reached skill level 2 in Staves
  1391 | D:3      | Found an opulent altar of Gozag.
  1432 | D:3      | Reached skill level 3 in Staves
  1432 | D:3      | Reached XP level 4. HP: 14/38 MP: 6/6
  1611 | D:3      | Reached skill level 1 in Axes
  2262 | D:4      | Noticed an ogre
  2269 | D:4      | Killed an ogre
  2269 | D:4      | Reached skill level 3 in Axes
  2269 | D:4      | Reached XP level 5. HP: 14/45 MP: 7/7
  2273 | D:4      | Noticed an ogre
  2459 | D:4      | Found a bloodstained altar of Trog.
  2573 | D:4      | HP: 4/45 [poisoned by a worker ant]
  2581 | D:4      | HP: 3/45 [poisoned by a worker ant]
  2705 | D:4      | Found Lennurye's Food Emporium.
  2708 | D:5      | Entered Level 5 of the Dungeon
  2716 | D:5      | Found a sacrificial altar of Ru.
  2757 | D:5      | Noticed an ogre
  2789 | D:4      | Reached XP level 6. HP: 14/51 MP: 8/8
  3052 | D:5      | Reached skill level 4 in Axes
  3060 | D:5      | Found a glowing drain.
  3146 | Sewer    | Entered a sewer
  4252 | D:5      | Found a shadowy altar of Dithmenos.
  4294 | D:4      | Killed an ogre
  4294 | D:4      | Reached skill level 5 in Axes
  4371 | D:4      | Reached XP level 7. HP: 55/57 MP: 9/9
  4468 | D:4      | Reached skill level 6 in Axes
  4726 | D:4      | Noticed kosy22's ghost (average DrFi)
  5208 | D:5      | Killed an ogre
  5356 | D:5      | Found a radiant altar of Vehumet.
  5535 | D:5      | Found a basalt altar of Yredelemnul.
  5723 | D:6      | Found a sand-covered staircase.
  5739 | D:6      | Found an opulent altar of Gozag.
  5741 | Ossuary  | Entered an ossuary
  6041 | Ossuary  | Killed Menkaure
  6372 | D:6      | Upgraded the game from 0.17-a0-1954-g0dddeaa to 0.17-a0-1968-g88670c1
  6405 | D:6      | Found a sparkling altar of Nemelex Xobeh.
  6419 | D:6      | Reached skill level 7 in Axes
  6488 | D:6      | Found a staircase to the Ecumenical Temple.
  6554 | D:6      | Reached skill level 4 in Fighting
  6554 | D:6      | Reached XP level 8. HP: 62/66 MP: 10/10
  6806 | D:6      | Got a twisted leather armour
  6817 | D:6      | Identified the +2 leather armour of Untruth {MR+} (You found it on level 6 of the Dungeon)
  6983 | D:6      | Reached skill level 8 in Axes
  7005 | D:6      | Noticed Grinder
  7020 | D:6      | Paralysed by Grinder for 2 turns
  7022 | D:6      | Killed Grinder
  7172 | D:6      | Reached skill level 5 in Fighting
  7353 | D:7      | Reached skill level 9 in Axes
  7395 | D:7      | Reached skill level 2 in Dodging
  7398 | D:7      | Found a shattered altar of Ashenzari.
  7398 | D:7      | Found a blossoming altar of Fedhas.
  7528 | D:7      | Reached XP level 9. HP: 74/74 MP: 11/11
  7674 | D:7      | Upgraded the game from 0.17-a0-1968-g88670c1 to 0.17-a0-1970-g7a13dd1
  8047 | D:8      | Reached skill level 3 in Dodging
  8109 | D:8      | Noticed Prince Ribbit
  8127 | D:8      | Killed Prince Ribbit
  8149 | D:8      | Reached skill level 10 in Axes
  8210 | D:8      | Found a white marble altar of Elyvilon.
  8247 | D:8      | Reached skill level 4 in Dodging
  8253 | D:8      | Learned a level 2 spell: Blink
  8255 | D:8      | Learned a level 1 spell: Apportation
  8258 | D:8      | Learned a level 2 spell: Shroud of Golubria
  8483 | D:8      | Reached skill level 5 in Dodging
  8696 | D:8      | Reached skill level 6 in Dodging
  9019 | D:9      | Noticed vatarom's ghost (novice TrCK)
  9029 | D:9      | Reached skill level 7 in Dodging
  9061 | D:9      | Reached XP level 10. HP: 56/81 MP: 13/13
  9073 | D:9      | Reached skill level 8 in Dodging
  9132 | D:9      | Found a staircase to the Lair.
  9387 | D:9      | Found a snail-covered altar of Cheibriados.
  9419 | D:9      | Found Zyowun's Jewellery Shoppe.
  9463 | D:9      | Reached skill level 9 in Dodging
  9550 | D:9      | Bought an uncursed ring of see invisible for 150 gold pieces
  9550 | D:9      | Bought an uncursed ring of poison resistance for 200 gold pieces
  9602 | D:9      | Killed vatarom's ghost
  9819 | D:9      | Gained mutation: You are partially covered in rough black scales (AC +4, Dex -1). [potion of beneficial mutation]
  9921 | D:10     | Entered Level 10 of the Dungeon
 10103 | D:10     | Reached skill level 10 in Dodging
 10103 | D:10     | Reached skill level 1 in Spellcasting
 10215 | D:10     | Reached skill level 1 in Translocations
 10390 | D:10     | HP: 7/81 [electric eel/bolt of electricity (8)]
 10927 | D:10     | Reached skill level 2 in Translocations
 11075 | D:10     | Reached XP level 11. HP: 77/88 MP: 16/16
 11129 | D:10     | Noticed Josephine
 11185 | D:10     | Killed Josephine
 11185 | D:10     | Reached skill level 1 in Armour
 11277 | D:10     | Noticed a tengu warrior
 11311 | D:10     | Killed a tengu warrior
 11311 | D:10     | Reached skill level 2 in Spellcasting
 11410 | D:10     | Reached skill level 3 in Translocations
 11418 | D:10     | Noticed Erica
 11495 | D:10     | Noticed Harold
 11500 | D:10     | Upgraded the game from 0.17-a0-1970-g7a13dd1 to 0.17-a0-1976-g482a304
 11536 | D:10     | Killed Harold
 11536 | D:10     | Reached skill level 6 in Fighting
 11556 | D:10     | Killed Erica
 11556 | D:10     | Reached skill level 2 in Armour
 11647 | D:10     | Found a staircase to the Orcish Mines.
 11715 | Orc:1    | Entered Level 1 of the Orcish Mines
 11715 | Orc:1    | Noticed Maurice
 11787 | D:10     | Killed Maurice
 11845 | Orc:1    | Found a roughly hewn altar of Beogh.
 12640 | Orc:1    | Reached skill level 4 in Translocations
 12912 | D:9      | Bought the ring of Light {rC++ rN+++ Int+2} for 530 gold pieces
 12912 | D:9      | Bought an uncursed ring of flight for 175 gold pieces
 12967 | D:9      | Learned a level 4 spell: Passage of Golubria
 12971 | D:9      | Learned a level 3 spell: Portal Projectile
 12972 | Lair:1   | Entered Level 1 of the Lair of Beasts
 13020 | Lair:1   | Noticed a six-headed hydra
 13022 | Lair:1   | Got a thick robe
 13033 | Lair:1   | Identified the +2 robe of Rugie {Slay+5} (You found it on level 1 of the Lair of Beasts)
 13090 | Lair:1   | Upgraded the game from 0.17-a0-1976-g482a304 to 0.17-a0-1979-g1c74939
 13165 | Lair:1   | Reached skill level 11 in Dodging
 13170 | Lair:1   | Reached skill level 7 in Fighting
 13227 | Lair:1   | Reached skill level 3 in Spellcasting
 13776 | D:11     | Reached XP level 12. HP: 100/100 MP: 20/20
 13881 | D:11     | Reached skill level 11 in Axes
 13881 | D:11     | Reached skill level 5 in Translocations
 13961 | D:11     | Found a shimmering altar of Xom.
 13998 | D:11     | Found an iron altar of Okawaru.
 14032 | D:11     | Upgraded the game from 0.17-a0-1979-g1c74939 to 0.17-a0-1987-gaf5a542
 14667 | D:13     | Reached skill level 4 in Spellcasting
 15009 | D:14     | Got a fine long sword
 15010 | D:14     | Identified the +6 long sword of Death {holy, +Inv rN+ MR- Stlth+} (You found it on level 14 of the Dungeon)
 15471 | D:13     | Got a shimmering robe
 15482 | D:13     | Identified the cursed +0 robe "Nudames" {Int+3} (You found it on level 13 of the Dungeon)
 15658 | D:14     | Reached skill level 8 in Fighting
 15658 | D:14     | Reached skill level 6 in Translocations
 16309 | D:9      | Bought the ring "Monyah" {Ice MR+++ Str+6 Int-4} for 474 gold pieces
 16462 | D:14     | Reached skill level 12 in Dodging
 16484 | D:15     | Entered Level 15 of the Dungeon
 16487 | D:15     | Got a translucent trident
 16488 | D:15     | Identified the +10 trident of the Skies Above {holy, +Inv rPois} (You found it on level 15 of the Dungeon)
 16532 | D:15     | Reached skill level 5 in Spellcasting
 16532 | D:15     | Reached XP level 13. HP: 100/107 MP: 24/24
 16661 | D:15     | Reached skill level 12 in Axes
 16747 | D:15     | Found a staircase to the Depths.
 17542 | D:14     | Reached skill level 7 in Translocations
 17691 | D:14     | Found a gate to the Vaults.
 17691 | D:14     | Noticed a vault guard
 17719 | D:14     | Killed a vault guard
 17797 | D:14     | Learned a level 5 spell: Phase Shift
 17887 | Depths:1 | Entered Level 1 of the Depths
 17916 | Depths:1 | HP: 11/110 [entropy weaver (17)]
 17917 | Depths:1 | Mangled by an entropy weaver

Vault maps used:
D:1:      eino_arrival_water_star, minmay_bisected
D:2:      kennysheep_another_room
D:3:      nicolae_gozag_seed_capital
D:4:      first_bread, serial_shops, shop, trog_three_pillars_becter
D:5:      kennysheep_mini, nicolae_ru_great_annihilating_truth,
          lemuel_zombie_altar_yredelemnul, nicolae_dithmenos_the_darkroom,
          gup_sewer_entry_bubbles, grunt_ministairs_15
D:6:      nicolae_overflow_crystal_walls, overflow_temple_1_default,
          minmay_temple_entry_glass, enter_ossuary_1, minivault_10,
          st_stairs_11, hangedman_decor_lopped, uniq_grinder
D:7:      lemuel_blue_sif_altar, gammafunk_temple_overflow_elements,
          serial_glass, glass_columns_b, glass_columns_b, glass_columns_c,
          glass_columns_b, glass_columns_a, glass_columns_b, glass_columns_b,
          glass_columns_a, glass_columns_b, glass_columns_c, glass_columns_a,
          glass_columns_a, glass_columns_a, glass_columns_b
D:8:      elyvilon_altar_4, uniq_prince_ribbit1
D:9:      slow_altar_2, dpeg_oklobed_lair, serial_shops, shop
D:10:     erik_orc_2, grunt_tengu_nest, uniq_harold, uniq_erica, uniq_josephine
D:11:     basic_altar, okawaru_humans
D:12:     tgw_fedhas
D:14:     grunt_vaults_entry_tiered
D:15:     gammafunk_depths_entry_grave, fountainhead, statue_in_the_mist_lemuel,
          lemuel_nasty_fountain
Lair:1:   minmay_lair_oklob_items, minivault_27
Orc:1:    basic_altar, uniq_maurice
Orc:2:    amalloy_card_club
Depths:1: hangedman_abyss_or_decor_passed, hangedman_coc_ice_floe, serial_shops,
          shop, minmay_misc_feat_encased, minmay_metal_thing
Sewer:    sewer_minmay_treatment
Ossuary:  ossuary_due_pyramid

Action                   |  1- 3 |  4- 6 |  7- 9 | 10-12 | 13-15 || total
-------------------------+-------+-------+-------+-------+-------++-------
Melee: Dagger            |    61 |       |       |       |       ||    61
       Quarterstaff      |    28 |       |       |       |       ||    28
       Spear             |    48 |    36 |       |    18 |       ||   102
       Hand axe          |       |   230 |   336 |   906 |   206 ||  1678
       Broad axe         |       |       |       |    10 |       ||    10
       Battleaxe         |       |       |       |     3 |     8 ||    11
       Trident           |       |       |       |       |    64 ||    64
       War axe           |       |       |       |       |     5 ||     5
 Fire: Blowgun           |       |    11 |    71 |   157 |    11 ||   250
       Hunting sling     |       |       |    37 |       |       ||    37
Throw: Stone             |       |     4 |       |       |       ||     4
       Tomahawk          |       |     3 |     1 |       |       ||     4
       Javelin           |       |       |       |    25 |       ||    25
       Throwing net      |       |       |       |     1 |       ||     1
 Cast: Apportation       |       |       |     2 |    42 |    26 ||    70
       Shroud of Golubri |       |       |       |     7 |     2 ||     9
       Passage of Golubr |       |       |       |     2 |     2 ||     4
Evoke: Wand              |       |       |       |       |     3 ||     3
  Use: Scroll            |     9 |     5 |    11 |    11 |     3 ||    39
       Potion            |       |     2 |     1 |     2 |       ||     5
 Stab: Sleeping          |     2 |    10 |    11 |    13 |     5 ||    41
       Distracted        |       |     1 |     3 |     6 |       ||    10
       Paralysed         |       |       |     1 |       |       ||     1
  Eat: Chunk             |     2 |    10 |     8 |    32 |     3 ||    55
       Meat ration       |       |       |     1 |       |       ||     1
       Fruit             |       |       |     3 |       |     5 ||     8
       Pizza             |       |       |     1 |     2 |       ||     3
       Beef jerky        |       |       |       |     2 |       ||     2

Table legend:
 A = Turns spent in this place as a percentage of turns spent in the entire game.
 B = Non-inter-level travel turns spent in this place as a percentage of non-inter-level travel turns spent in the entire game.
 C = Inter-level travel turns spent in this place as a percentage of turns spent in this place.
 D = Turns resting spent in this place as a percentage of non-inter-level travel turns spent in this place.
 E = Turns spent auto-exploring this place as a percentage of non-inter-level travel turns spent in this place.
 F = Non-inter-level travel turns spent in this place divided by the number of levels of this place that you've seen.
                   A       B       C       D       E      F
               +-------+-------+-------+-------+-------+----------------------
         Total | 100.0 | 100.0 |   0.5 |   0.6 |   0.2 | 648.0
       Dungeon |  81.8 |  81.8 |   0.6 |   0.4 |   0.2 | 742.0
          Lair |   4.1 |   4.2 |   0.2 |   0.0 |   0.0 | 566.0
  Orcish Mines |   6.6 |   6.6 |   0.6 |   0.6 |   0.3 | 448.0
        Depths |   0.2 |   0.2 |   0.0 |   0.0 |   0.0 |  30.0
         Sewer |   4.5 |   4.5 |   0.0 |   2.9 |   0.0 | 615.0
       Ossuary |   2.7 |   2.7 |   0.0 |   4.3 |   0.0 | 370.0
               +-------+-------+-------+-------+-------+----------------------

Table legend:
 A = Kills in this place as a percentage of kills in entire the game.
 B = Kills by you in this place as a percentage of kills by you in the entire game.
 C = Kills by friends in this place as a percentage of kills by friends in the entire game.
 D = Other kills in this place as a percentage of other kills in the entire game.
 E = Experience gained in this place as a percentage of experience gained in the entire game.
 F = Experience gained in this place divided by the number of levels of this place that you have seen.
                   A       B       C       D       E      F
               +-------+-------+-------+-------+-------+----------------------
         Total | 100.0 | 100.0 |  -nan |  -nan | 100.0 | 2983.9
       Dungeon |  71.9 |  71.9 |  -nan |  -nan |  90.6 | 3784.6
          Lair |   3.4 |   3.4 |  -nan |  -nan |   5.2 | 3286.0
  Orcish Mines |  13.1 |  13.1 |  -nan |  -nan |   3.1 | 986.5
        Depths |   0.3 |   0.3 |  -nan |  -nan |   0.7 | 441.0
         Sewer |   7.7 |   7.7 |  -nan |  -nan |   0.2 | 149.0
       Ossuary |   3.7 |   3.7 |  -nan |  -nan |   0.1 |  43.0
               +-------+-------+-------+-------+-------+----------------------

Vault maps used:
D:1:      eino_arrival_water_star, minmay_bisected
D:2:      kennysheep_another_room
D:3:      nicolae_gozag_seed_capital
D:4:      first_bread, serial_shops, shop, trog_three_pillars_becter
D:5:      kennysheep_mini, nicolae_ru_great_annihilating_truth,
          lemuel_zombie_altar_yredelemnul, nicolae_dithmenos_the_darkroom,
          gup_sewer_entry_bubbles, grunt_ministairs_15
D:6:      nicolae_overflow_crystal_walls, overflow_temple_1_default,
          minmay_temple_entry_glass, enter_ossuary_1, minivault_10,
          st_stairs_11, hangedman_decor_lopped, uniq_grinder
D:7:      lemuel_blue_sif_altar, gammafunk_temple_overflow_elements,
          serial_glass, glass_columns_b, glass_columns_b, glass_columns_c,
          glass_columns_b, glass_columns_a, glass_columns_b, glass_columns_b,
          glass_columns_a, glass_columns_b, glass_columns_c, glass_columns_a,
          glass_columns_a, glass_columns_a, glass_columns_b
D:8:      elyvilon_altar_4, uniq_prince_ribbit1
D:9:      slow_altar_2, dpeg_oklobed_lair, serial_shops, shop
D:10:     erik_orc_2, grunt_tengu_nest, uniq_harold, uniq_erica, uniq_josephine
D:11:     basic_altar, okawaru_humans
D:12:     tgw_fedhas
D:14:     grunt_vaults_entry_tiered
D:15:     gammafunk_depths_entry_grave, fountainhead, statue_in_the_mist_lemuel,
          lemuel_nasty_fountain
Lair:1:   minmay_lair_oklob_items, minivault_27
Orc:1:    basic_altar, uniq_maurice
Orc:2:    amalloy_card_club
Depths:1: hangedman_abyss_or_decor_passed, hangedman_coc_ice_floe, serial_shops,
          shop, minmay_misc_feat_encased, minmay_metal_thing
Sewer:    sewer_minmay_treatment
Ossuary:  ossuary_due_pyramid
